Map: Abyssal Reef LE

Players

Juxtapose - Winner!

  • Race: Zerg Zerg
  • Spawn Location: 11:00

A.I. 1 (Harder)

  • Race: Zerg Zerg
  • Spawn Location: 5:00

VOD

https://youtu.be/nmf_BDRc-tg

Description

My second game of the evening, and once again, I can't believe how poor I'm playing and all the mistakes I'm making overall; there's so many I'm not even going to list them.

Having said that though, I did still have fun.

Time

  • Played on: May 2, 2017, 9:16 p.m.
  • Length: 14:22
Show
View Real Time Build Order
Export as new Build Order

Juxtapose Zerg - Winner!

Build Orders: Pool First, Muta Ling Bane 

Get SALT Encoding   

  12  0:01  Drone  
  13  0:13  Overlord  
  13  0:18  Drone  
  14  0:31  Overlord  
  14  0:33  Drone  
  15  0:47  Spawning Pool  
  14  0:50  Drone  
  15  1:01  Drone  
  15  1:02  Drone  
  17  1:07  Extractor  
  17  1:10  Drone, Extractor  
  16  1:18  Drone  
  17  1:29  Drone  
  18  1:35  Queen  
  20  1:42  Drone  
  21  1:56  Drone, Baneling Nest  
  21  2:06  Metabolic Boost  
  22  2:08  Drone  
  22  2:19  Drone  
  23  2:24  Drone  
  24  2:36  Drone  
  25  2:37  Hatchery  
  24  2:44  Overlord  
  24  2:47  Zergling x2  
  24  2:49  Zergling x2  
  26  3:08  Zergling x4  
  29  3:20  Zergling x6  
  29  3:25  Drone, Roach Warren  
  29  3:26  Zergling x2  
  32  3:30  Baneling x3  
  32  3:42  Zergling x2  
  34  3:48  Zergling x2  
  34  3:53  Drone  
  35  3:58  Lair  
  35  4:05  Roach  
  37  4:30  Zergling x8  
  32  4:31  Zergling x4  
  34  4:40  Drone  
  34  4:42  Zergling x2  
  36  4:49  Roach  
  38  4:54  Drone x2, Queen  
  42  5:01  Baneling x2  
  42  5:02  Baneling x2  
  42  5:09  Drone  
  43  5:21  Overlord x2  
  43  5:33  Centrifical Hooks  
  43  5:35  Glial Reconstitution  
  43  5:43  Drone x2  
  43  5:44  Drone  
  43  5:45  Roach x2  
  43  5:46  Roach x2  
  54  5:55  Drone  
  55  6:00  Evolution Chamber  
  54  6:16  Drone x3  
  54  6:17  Drone  
  58  6:19  Extractor  
  58  6:20  Drone  
  58  6:23  Zergling x2  
  58  6:24  Overlord  
  58  6:25  Overlord  
  50  7:03  Zergling x6  
  50  7:05  Drone x3  
  55  7:32  Drone x2  
  55  7:36  Extractor  
  56  7:47  Zergling x12  
  56  7:50  Zerg Melee Weapons Level 1  
  60  7:56  Spire  
  55  8:04  Unknown  
  53  8:16  Roach x2  
  57  8:22  Drone x2  
  57  8:23  Drone  
  57  8:26  Unknown  
  56  8:43  Zergling x6  
  52  9:18  Mutalisk x3  
  56  9:37  Zergling x4  
  55  9:46  Mutalisk  
  55  10:07  Zergling x2  
  55  10:13  Zergling x12  
  62  10:18  Unknown  
  58  10:33  Zergling x2  
  58  11:00  Mutalisk x4  
  66  11:19  Hatchery  
  66  11:21  Unknown  
  63  11:43  Zerg Ground Armor Level 1  
  62  12:05  Zerg Flyer Weapons Level 1  
  54  13:00  Zergling x4  
  54  13:01  Zergling x8  
  54  13:03  Zergling x10  
  54  13:04  Zergling x8  
Show
View Real Time Build Order
Export as new Build Order

A.I. 1 (Harder) Zerg 

Build Orders: Pool First 

Get SALT Encoding   

  12  0:00  Drone  
  13  0:12  Overlord  
  13  0:16  Drone  
  14  0:31  Drone x2  
  16  0:42  Spawning Pool  
  15  0:45  Drone  
  15  0:48  Drone  
  17  0:52  Extractor  
  17  0:56  Drone  
  17  1:06  Overlord  
  17  1:29  Queen  
  17  1:31  Zergling x4  
  21  1:36  Roach Warren  
  21  1:38  Drone  
  21  1:44  Baneling Nest  
  20  1:49  Drone  
  21  2:00  Drone  
  22  2:11  Zergling x2  
  23  2:21  Drone  
  24  2:29  Baneling x2  
  24  2:32  Overlord  
  24  2:36  Drone, Zergling x4, Metabolic Boost  
  27  2:44  Zergling x2  
  28  2:54  Baneling  
  28  2:55  Zergling x2  
  28  2:56  Baneling  
  30  3:05  Zergling x2  
  30  3:06  Extractor  
  30  3:07  Overlord  
  30  3:08  Drone, Zergling x2, Evolution Chamber  
  30  3:17  Zergling x2  
  31  3:28  Drone  
  32  3:38  Drone  
  32  3:40  Drone x3  
  36  3:50  Drone  
  37  4:01  Roach  
  39  4:10  Lair  
  39  4:12  Overlord, Drone, Roach  
  42  4:19  Roach  
  43  4:28  Roach  
  36  4:35  Zergling x2  
  37  4:42  Zerg Melee Weapons Level 1  
  37  5:01  Hatchery  
  37  5:02  Drone  
  37  5:10  Hydralisk Den  
  37  5:12  Drone  
  37  5:39  Hydralisk  
  39  5:46  Hydralisk  
  39  5:47  Burrow  
  41  5:54  Roach  
  43  6:01  Roach  
  43  6:03  Spore Crawler  
  44  6:05  Overlord  
  44  6:08  Roach  
  46  6:13  Spore Crawler  
  46  6:14  Drone x2  
  46  6:15  Drone  
  46  6:18  Drone x2, Roach  
  52  6:22  Drone, Extractor  
  52  6:25  Hydralisk  
  54  6:29  Drone  
  55  6:34  Drone  
  55  6:36  Zerg Missile Weapons Level 1  
  56  6:40  Drone  
  56  6:45  Drone  
  56  6:46  Roach  
  58  6:50  Hydralisk, Overseer, Drone  
  58  6:52  Drone  
  57  6:55  Drone  
  57  6:58  Zergling x2  
  57  6:59  Drone x2  
  57  7:01  Drone  
  47  7:05  Roach  
  43  7:10  Hydralisk  
  40  7:18  Roach, Drone  
  39  7:23  Drone x2  
  39  7:25  Roach  
  39  7:26  Drone  
  39  7:28  Roach  
  42  7:36  Drone  
  40  7:38  Drone, Evolution Chamber  
  40  7:41  Roach  
  40  7:46  Roach, Hatchery  
  40  7:49  Roach  
  37  8:12  Roach  
  35  8:15  Roach  
  35  8:17  Drone  
  38  8:21  Drone  
  38  8:24  Drone  
  40  8:33  Roach  
  42  8:37  Roach  
  42  8:38  Overseer  
  42  8:39  Queen  
  42  8:40  Roach  
  38  8:43  Hydralisk  
  38  8:46  Drone x14  
  38  8:47  Roach  
  41  8:49  Drone  
  41  8:51  Roach  
  43  8:56  Roach  
  43  8:57  Roach  
  43  8:58  Drone  
  43  9:01  Drone x12  
  43  9:03  Drone  
  41  9:20  Drone  
  41  9:29  Drone  
  41  9:31  Roach x2  
  39  9:33  Drone  
  39  9:34  Hatchery  
  39  9:36  Drone  
  33  9:41  Drone x3  
  33  9:43  Drone x2  
  30  9:59  Roach  
  32  10:04  Hydralisk, Drone  
  33  10:08  Drone  
  33  10:12  Drone  
  35  10:16  Drone  
  35  10:19  Drone  
  37  10:22  Drone  
  37  10:26  Drone  
  39  10:29  Drone  
  39  10:32  Drone  
  39  10:33  Zergling x2  
  39  10:35  Drone x6, Roach  
  41  10:41  Roach  
  41  10:51  Hydralisk  
  38  11:00  Drone  
  33  11:04  Drone  
  33  11:07  Drone  
  33  11:10  Drone  
  25  11:26  Hatchery  
  25  11:32  Hydralisk  
  20  11:41  Drone x2  
  20  11:42  Drone  
  20  11:49  Drone  
  20  11:59  Drone  
  18  12:03  Hydralisk  
  16  12:13  Drone  
  16  12:21  Drone  
  15  12:23  Drone x2  
  16  12:34  Hydralisk  
  16  12:39  Drone  
  16  12:40  Drone x2  
  16  12:43  Hatchery  
  15  12:45  Drone x3  
  15  13:02  Hydralisk Den  
  14  13:07  Drone  
  14  13:09  Drone  
  13  13:18  Drone  
  14  13:25  Drone  
  14  13:29  Drone  
  15  13:37  Drone x3  
  15  13:38  Drone  
  15  13:39  Drone x3  
  16  13:46  Drone  
  17  13:50  Drone  
  12  13:57  Drone  
  12  13:58  Drone  
Tags
 
Add a new tag
Caveats
  • Supply blocks, unpowered buildings, or Contaminate may cause inaccurate times.
  • Supply counts are checked every 10 seconds.